 Dungeon Crawl Stone Soup version 0.29-a0-559-g359e09b9d1 (webtiles) character file.

Game seed: 5563308640958504687

94 dolemite99 the Chopper (level 4, 39/39 HPs)
             Began as a Minotaur Fighter on June 11, 2022.
             Was a Follower of Vehumet.
             Quit the game on level 2 of the Dungeon.
             The game lasted 00:01:56 (1507 turns).

dolemite99 the Chopper (Minotaur Fighter)           Turns: 1507, Time: 00:01:57

Health: 39/39      AC:  6    Str: 22    XL:     4   Next: 38%
Magic:  3/3        EV:  9    Int:  5    God:    Vehumet [*.....]
Gold:   84         SH:  4    Dex: 10    Spells: 3/3 levels left

rFire   + . .      SeeInvis .   a - +0 war axe
rCold   + . .      Faith    .   c - +0 buckler
rNeg    . . .      Spirit   .   b - +0 scale mail
rPois   .          Reflect  .   (helmet restricted)
rElec   .          Harm     .   o - scarf {rC+ rF+}
rCorr   .          Rampage  .   (no gloves)
Will    .....                   (no boots)
Stlth   ..........              (no amulet)
HPRegen 0.13/turn               (no ring)
MPRegen 0.08/turn               (no ring)

@: no status effects
A: horns 2, retaliatory headbutt
a: Renounce Religion


You were on level 2 of the Dungeon.
You worshipped Vehumet.
Vehumet was aware of your devotion.
You visited 1 branch of the dungeon, and saw 2 of its levels.

You collected 84 gold pieces.

Inventory:

Hand Weapons
 a - a +0 war axe (weapon)
Missiles
 g - 2 boomerangs (quivered)
 i - 59 stones
 l - 4 poisoned darts
Armour
 b - a +0 scale mail (worn)
 c - a +0 buckler (worn)
 n - an orb of energy
 o - a scarf of resistance (worn)
Scrolls
 j - 2 scrolls of identify {unknown}
 k - a scroll of amnesia {unknown}
 p - a scroll of noise {unknown}
Potions
 d - a potion of might
 e - a potion of experience {unknown}
 f - a potion of flight {unknown}
 h - a potion of resistance {unknown}
 m - 2 potions of curing {unknown}


   Skills:
 - Level 3.6 Fighting
 + Level 5.7 Axes
 - Level 3.6 Armour
 - Level 3.6 Shields


You had 3 spell levels left.
You didn't know any spells.
Your spell library contained the following spells:

 Spells                   Type           Power      Damage    Failure   Level
 Shock                    Conj/Air       0%         1d3       88%         1
 Apportation              Tloc           0%         N/A       88%         1
 Necrotize                Necr           0%         1d4       88%         1
 Summon Small Mammal      Summ           0%         N/A       88%         1
 Ensorcelled Hibernation  Hex/Ice        0%         N/A       95%         2
 Passwall                 Tmut/Erth      0%         N/A       95%         2
 Swiftness                Air            0%         N/A       99%         3


Dungeon Overview and Level Annotations

Branches:
Dungeon (2/15)

Altars:
Vehumet


Innate Abilities, Weirdness & Mutations

You have a pair of horns on your head.
You reflexively headbutt those who attack you in melee.


Message History

You kill the goblin!
You closely miss the hobgoblin. You block the hobgoblin's attack.
You slash the hobgoblin!
You kill the hobgoblin!
No target in view!
No target in view!
Things that are here:
a +0 dagger; a +0 hunting sling
Things that are here:
a +0 robe; a hobgoblin corpse
p - a scroll labelled BUBOELEXKI
Things that are here:
a +0 dagger; a +0 hunting sling A hobgoblin comes into view.
You slash the hobgoblin!
You kill the hobgoblin!
No target in view!
No target in view!
You see here a hobgoblin corpse.
There is an open door here.
An endoplasm comes into view.
The endoplasm quivers.
An endoplasm is nearby!
Found a faded altar of an unknown god.
Found a hunting sling.
The endoplasm freezes you.
You are frozen.
You resist.
You slash the endoplasm!
You kill the endoplasm!
No target in view!
No target in view!
No target in view!
There is a faded altar of an unknown god here.
You cannot tell which god this altar belongs to.
Convert to them anyway?
Vehumet accepts your prayer! Vehumet welcomes you!
You can now gain magical power from killing.
Vehumet offers you knowledge of Shock.
Autopickup is now off.
Are you sure you want to abandon this character and quit the game? (Confirm with "yes".)

... #. .. ...###. ♣.
....... .♣ ....... ♣♣.
♣ ....... ♣♣.♣ ..
....... ♣..♣♣♣♣.♣
....... ♣8.....♣ #.#.#.
♣_@.∩.♣♣♣ ♣...#.
♣8......♣ .♣.... .).
♣..♣♣♣♣... ♣♣.###.
....♣...♣ ♣♣♣♣..# #.
....♣♣..♣♣#+##.##..###.
.....♣♣..♣...#.........
......♣♣♣....#.##..###.
.............#.##......
.............'......#.÷


There were no monsters in sight!

Vanquished Creatures
  An orc priest (D:2)
  An orc wizard (D:2)
  2 orcs (D:1)
  3 bats (D:1)
  5 endoplasms
  4 goblins
  5 hobgoblins
  3 jackals (D:1)
  3 quokkas (D:1)
  A ball python (D:1)
  3 frilled lizards
  2 kobolds (D:1)
  3 rats
36 creatures vanquished.

Notes
Turn   | Place    | Note
-------+----------+-------------------------------------------
     0 | D:1      | dolemite99 the Minotaur Fighter began the quest for the
                  | Orb.
     0 | D:1      | Reached XP level 1. HP: 19/19 MP: 0/0
   131 | D:1      | Reached skill level 3 in Axes
   140 | D:1      | Reached XP level 2. HP: 25/26 MP: 1/1
   527 | D:1      | Reached skill level 4 in Axes
   903 | D:2      | Reached skill level 5 in Axes
   903 | D:2      | Reached XP level 3. HP: 16/31 MP: 2/2
  1329 | D:2      | Reached XP level 4. HP: 36/39 MP: 3/3
  1490 | D:2      | Found a faded altar of an unknown god.
  1505 | D:2      | Prayed at the altar of an unknown god.
  1505 | D:2      | Became a worshipper of Vehumet
  1505 | D:2      | Reached * piety under Vehumet
  1505 | D:2      | Offered knowledge of Shock by Vehumet.
  1507 | D:2      | Quit the game

Illustrated notes

Levels and vault maps discovered:
D:1:      mushboom_english_gardens, layout_basic, minmay_tromino_v4_b
D:2:      layout_basic, serial_shops, shop,
          shapermc_ecumenical_altar_totnotflames

Skill      XL: |  1  2 |
---------------+-------+-----
Axes           | 3 5 |  5.7
Fighting       | |  3.6
Armour         | |  3.6
Shields        | |  3.6

Action                   |  1- 3 |  4- 6 || total
-------------------------+-------+-------++-------
Melee: War axe           |    62 |    11 ||    73
       Headbutt          |     3 |     3 ||     6
Throw: Boomerang         |    12 |     1 ||    13
Armor: Scale mail        |    30 |     1 ||    31
Dodge: Dodged            |    28 |     6 ||    34
Block: Buckler           |    11 |     3 ||    14

Table legend: (Time is in decaauts)
 A = Elapsed time spent in this place.
 B = Non-inter-level travel time spent in this place.
 C = Inter-level travel time spent in this place.
 D = Time resting spent in this place.
 E = Time spent auto-exploring this place.
 F = Levels seen in this place.
 G = Mean time per level.
                   A        B        C        D        E       F      G
               +--------+--------+--------+--------+--------+-----+--------+
         Total |   1536 |   1514 |     22 |    445 |    709 |   2 |  768.0 |
       Dungeon |   1536 |   1514 |     22 |    445 |    709 |   2 |  768.0 |
               +--------+--------+--------+--------+--------+-----+--------+

Top non-repeatable levels by time:
     D:1: 1180 daAuts
     D:2: 356 daAuts
